 Dungeon Crawl Stone Soup version 0.28.0-53-g5a82cb258f (webtiles) character file.

Game seed: 2489301104871397243

1785 DocClef the Fighter (level 8, -3/88 HPs)
             Began as a Minotaur Fighter on June 27, 2022.
             Slain by a gnoll sergeant
             ... wielding a +0 trident
              (5 damage)
             ... on level 6 of the Dungeon.
             The game lasted 00:06:38 (6648 turns).

DocClef the Fighter (Minotaur Fighter)              Turns: 6648, Time: 00:06:38

Health: -3/88      AC:  9    Str: 23    XL:     8   Next: 81%
Magic:  7/7        EV:  9    Int:  5    God:
Gold:   314        SH:  4    Dex: 10    Spells: 7/7 levels left

rFire   . . .      SeeInvis .   a - +0 flail
rCold   . . .      Faith    .   c - +0 buckler
rNeg    . . .      Spirit   .   b - +0 scale mail
rPois   .          Reflect  .   (helmet restricted)
rElec   .          Harm     .   y - +0 cloak
rCorr   .          Rampage  .   (no gloves)
Will    .....                   e - +0 pair of boots
Stlth   ..........              (no amulet)
HPRegen 0.24/turn               (no ring)
MPRegen 0.10/turn               (no ring)

@: no status effects
A: horns 2, retaliatory headbutt
a: no special abilities


You were on level 6 of the Dungeon.
You visited 1 branch of the dungeon, and saw 6 of its levels.
You also visited: Sewer.

You collected 314 gold pieces.

Inventory:

Hand Weapons
 a - a +0 flail (weapon)
Missiles
 h - 2 throwing nets (quivered)
 v - 9 javelins
Armour
 b - a +0 scale mail (worn)
 c - a +0 buckler (worn)
 e - a +0 pair of boots (worn)
 y - a +0 cloak (worn)
Jewellery
 m - a ring of magical power
Wands
 i - a wand of charming (5)
 n - a wand of iceblast (21)
 z - a wand of polymorph (5)
Scrolls
 f - 5 scrolls of identify {unknown}
 j - a scroll of silence
 k - a scroll of noise {unknown}
 l - 2 scrolls of enchant weapon {unknown}
 p - a scroll of torment {unknown}
 r - a scroll of vulnerability {unknown}
 t - 7 scrolls of teleportation {unknown}
 u - 4 scrolls of blinking {unknown}
 x - 2 scrolls of immolation {unknown}
Potions
 d - 2 potions of might
 g - 2 potions of lignification {unknown}
 o - 2 potions of curing {unknown}
 q - a potion of mutation {unknown}
 s - 3 potions of flight {unknown}
 w - a potion of heal wounds {unknown}
 A - a potion of attraction {unknown}
 B - a potion of degeneration {unknown}


   Skills:
 + Level 13.9 Fighting
 - Level 2.4 Maces & Flails
 - Level 3.6 Armour
 - Level 3.6 Shields


You had 7 spell levels left.
You didn't know any spells.
Your spell library contained the following spells:

 Spells                   Type           Power      Damage    Failure   Level
 Shock                    Conj/Air       0%         1d3       86%         1
 Gell's Gravitas          Tloc           0%         N/A       99%         3
 Swiftness                Air            0%         N/A       99%         3
 Teleport Other           Tloc           0%         N/A       99%         3
 Airstrike                Air            0%         N/A       100%        4
 Dispersal                Tloc           0%         N/A       100%        6


Dungeon Overview and Level Annotations

Branches:
Dungeon (6/15)              Sewer (visited)
 Temple: D:4-7

Altars:
Ashenzari
Elyvilon
Fedhas

Shops:
D:1 [   D:2 ?   D:3 (:(   D:4 *

Annotations:
D:5 2 transporters, Brotato's ghost, novice GrFi


Innate Abilities, Weirdness & Mutations

You have a pair of horns on your head.
You reflexively headbutt those who attack you in melee.


Message History

You block the gnoll sergeant's attack.
You barely miss the gnoll sergeant.
The gnoll sergeant is lightly wounded.
You hit the gnoll sergeant but do no damage.
Your headbutt misses the gnoll sergeant.
The gnoll sergeant is lightly wounded.
The gnoll sergeant hits you with a +0 trident.
The gnoll hits you with a +0 flail!
You hit the gnoll sergeant.
The gnoll sergeant is moderately wounded.
The gnoll sergeant hits you but does no damage.
The gnoll hits you with a +0 flail.
The gnoll hits you from afar with a +0 spear.
The gnoll sergeant hits you with a +0 trident!
The gnoll hits you with a +0 flail!
The gnoll hits you from afar with a +0 spear.
You sock the gnoll sergeant!
You headbutt the gnoll sergeant, but do no damage.
The gnoll sergeant is almost dead.
The gnoll hits you with a +0 flail.
The gnoll sergeant hits you with a +0 trident!
The gnoll hits you from afar with a +0 spear.
* * * LOW HITPOINT WARNING * * *
You hit the gnoll sergeant.
The gnoll sergeant is almost dead.
The gnoll sergeant hits you with a +0 trident.
* * * LOW HITPOINT WARNING * * *
You block the gnoll's attack.
The gnoll hits you from afar with a +0 spear.
* * * LOW HITPOINT WARNING * * *
Unknown command.
The gnoll sergeant blocks your attack.
The gnoll sergeant is almost dead.
The gnoll sergeant hits you with a +0 trident!
* * * LOW HITPOINT WARNING * * *
The gnoll hits you with a +0 flail.
* * * LOW HITPOINT WARNING * * *
You block the gnoll's attack.
The gnoll sergeant hits you with a +0 trident.
You die...

####
####.#########.
#..†...[....
###..#########
##....#########
#.............#
#######....##..
#############...##
#gggg.............
#@# ######### #.#
#.###### #......##
###.....##
#.......#
#.......#
#.......#
##.....##########


You could see a gnoll sergeant and 3 gnolls.

Vanquished Creatures
  2 water moccasins (D:6)
  A black bear (D:4)
  An ice beast (D:6)
  4 ogres
  A necrophage (D:6)
  A phantom (D:5)
  Blork the orc (D:4)
  2 bullfrogs
  A scorpion (D:4)
  A bullfrog zombie (D:6)
  2 jellies (D:6)
  2 hounds (D:4)
  2 centaur skeletons
  An orc priest (D:4)
  2 iguanas (D:5)
  3 orc wizards
  A river rat (D:5)
  11 adders
  A white imp (D:5)
  2 worms
  4 dart slugs
  11 orcs
  9 ball pythons
  15 endoplasms
  9 giant cockroaches
  7 goblins
  8 hobgoblins
  4 jackals (D:1)
  10 kobolds
  11 quokkas
  4 bats (D:1)
  14 frilled lizards
  13 rats
161 creatures vanquished.

Notes
Turn   | Place    | Note
-------+----------+-------------------------------------------
     0 | D:1      | DocClef the Minotaur Fighter began the quest for the Orb.
     0 | D:1      | Reached XP level 1. HP: 19/19 MP: 0/0
     1 | D:1      | Found a runed translucent door.
    23 | D:1      | Reached skill level 4 in Fighting
    28 | D:1      | Reached XP level 2. HP: 26/28 MP: 1/1
   228 | D:1      | Found Muwkuhe's Antique Armour Shoppe.
   239 | D:1      | Reached skill level 5 in Fighting
   312 | D:1      | Reached XP level 3. HP: 35/36 MP: 2/2
  1229 | D:2      | Reached skill level 6 in Fighting
  1229 | D:2      | Reached XP level 4. HP: 44/44 MP: 3/3
  1232 | D:2      | Found a faded altar of an unknown god.
  1236 | D:2      | Found Cadghaox's Magic Scroll Boutique.
  1780 | D:3      | Found Biawul's Antique Weapon Shop.
  1849 | D:3      | Found a white marble altar of Elyvilon.
  1928 | D:3      | Found Xeshruati's Weapon Shop.
  2123 | D:3      | Found Eklo's Book Boutique.
  2574 | D:4      | Reached skill level 7 in Fighting
  2574 | D:4      | Reached XP level 5. HP: 52/52 MP: 4/4
  2619 | D:4      | Reached skill level 8 in Fighting
  2814 | D:4      | Found a blossoming altar of Fedhas.
  2825 | D:4      | Noticed an ogre
  2836 | D:4      | Reached XP level 6. HP: 48/61 MP: 5/5
  3102 | D:4      | Reached skill level 9 in Fighting
  3510 | D:4      | Reached XP level 7. HP: 71/71 MP: 6/6
  3565 | D:4      | Found Lorampa's Assorted Antiques.
  3705 | D:4      | Reached skill level 10 in Fighting
  3827 | D:4      | Noticed Blork the orc
  3838 | D:4      | Killed Blork the orc
  4255 | D:5      | Entered Level 5 of the Dungeon
  4304 | D:5      | Noticed Brotato's ghost (novice GrFi)
  4305 | D:5      | Found a transporter.
  4382 | D:5      | Found a glowing drain.
  4389 | Sewer    | Entered a sewer
  4457 | Sewer    | Reached skill level 11 in Fighting
  4957 | D:5      | Found a broken altar of Ashenzari.
  5253 | D:5      | Found a transporter.
  5358 | D:5      | Reached XP level 8. HP: 59/83 MP: 7/7
  5873 | D:6      | Reached skill level 12 in Fighting
  6089 | D:6      | Reached skill level 13 in Fighting
  6648 | D:6      | HP: 2/88 [gnoll/+0 flail (6)]
  6648 | D:6      | Slain by a gnoll sergeant

Illustrated notes

Levels and vault maps discovered:
D:1:      dpeg_arrival_caged_fury, layout_loops_ring, serial_shops, shop,
          kennysheep_boxes
D:2:      layout_loops_cross, shapermc_ecumenical_altar_acropolis, serial_shops,
          shop_statue
D:3:      layout_basic, elyvilon_altar_5, serial_shops, nicolae_shop_stone,
          nicolae_shop_bloodbath_and_beyond, nicolae_shop_behind_doors
D:4:      cheibrodos_pilgrimage, layout_basic, fedhas_altar_3, serial_shops,
          nicolae_shop_overgrown_old_shop, uniq_blork_the_orc
D:5:      layout_loops_ring, evilmike_ruin_ashenzari, gammafunk_ghost_arena,
          gup_sewer_entry_bubbles, kennysheep_generic_room_11
D:6:      layout_rooms

Skill      XL: |  1  2  3  4  5  6  7  8 |
---------------+-------------------------+-----
Fighting       | 4 5 6 7 8 9 11 13 | 13.9
Maces & Flails | |  2.4
Armour         | |  3.6
Shields        | |  3.6

Action                   |  1- 3 |  4- 6 |  7- 9 || total
-------------------------+-------+-------+-------++-------
Melee: Flail             |   105 |   120 |   175 ||   400
       Headbutt          |    11 |    19 |    24 ||    54
  Use: Scroll            |       |       |     2 ||     2
Armor: Scale mail        |    53 |    41 |    82 ||   176
Dodge: Dodged            |    43 |    63 |    72 ||   178
Block: Buckler           |    16 |    37 |    58 ||   111
